General information
- name: BNet
- type: Ladder team game (AT/RT)
- host: Battle.net
- saver: BEAR_AND
map: Highperch
- players: 6
- length: 119:59
- speed: Fast
- version: 1.21 W3XP
- replay type:

» download(540 KB)
Players
team 1 (winner)
BEAR_AND (
yellow | 74 APM | 8908 actions | 119:59)
10 Blademaster
3 Wind Walk
3 Critical Strike
1 Bladestorm
3 Mirror Image
2 Goblin Tinker
1 Pocket Factory
1 Cluster Rockets
» actions
| Assign group hotkey | 13 | |
| Basic commands | 26 | |
| Build / train | 79 | |
| Enter build submenu | 94 | |
| Enter hero's abilities submenu | 14 | |
| Give item / drop item | 15 | |
| Remove unit from queue | 5 | |
| Right click | 6614 | |
| Select / deselect | 637 | |
| Select group hotkey | 945 | |
| Use ability | 463 | |
8908 total
» units
» upgrades
| Spiked Barricades | 1 | |
| Ranged Weapons | 2 | |
| Liquid Fire | 1 | |
| Reinforced Defenses | 1 | |
5 total
» buildings
| Altar of Storms | 1 | |
| Orc Burrow | 4 | |
| War Mill | 5 | |
| Watch Tower | 66 | |
| Voodoo Lounge | 1 | |
| Stronghold | 3 | |
| Great Hall | 1 | |
| Beastiary | 2 | |
| Fortress | 1 | |
84 total
» build order
00:09 Altar of Storms
00:21 Orc Burrow
00:40 War Mill
01:55 Watch Tower
02:06 Watch Tower
02:59 Watch Tower
03:02 Watch Tower
03:13 Watch Tower
03:26 Orc Burrow
03:34 Watch Tower
04:00 Voodoo Lounge
04:09 Stronghold
04:09 Stronghold
04:31 Orc Burrow
04:38 Watch Tower
05:07 Watch Tower
05:21 Watch Tower
06:10 Watch Tower
06:25 Watch Tower
06:53 Watch Tower
07:19 Great Hall
07:32 Watch Tower
08:03 Watch Tower
08:33 Beastiary
08:39 Watch Tower
08:54 Orc Burrow
09:12 Beastiary
09:46 Watch Tower
09:56 Fortress
12:07 Watch Tower
13:13 Watch Tower
14:48 Watch Tower
16:37 Watch Tower
17:48 Watch Tower
17:51 Watch Tower
18:03 War Mill
28:53 War Mill
31:16 War Mill
36:05 Watch Tower
36:05 Watch Tower
36:06 Watch Tower
36:07 Watch Tower
36:09 Watch Tower
36:11 Watch Tower
36:12 Watch Tower
37:05 Watch Tower
37:06 Watch Tower
37:07 Watch Tower
37:11 Watch Tower
37:14 Watch Tower
37:19 Watch Tower
37:21 Watch Tower
37:23 Watch Tower
37:28 Watch Tower
38:08 Watch Tower
38:09 Watch Tower
38:11 Watch Tower
38:30 Watch Tower
38:32 Watch Tower
39:17 Watch Tower
39:18 Watch Tower
39:23 Watch Tower
39:51 Watch Tower
39:51 Watch Tower
39:57 Watch Tower
39:58 Watch Tower
39:58 Watch Tower
39:59 Watch Tower
40:10 Watch Tower
40:10 Watch Tower
40:59 Watch Tower
41:06 Watch Tower
41:07 Watch Tower
41:08 Watch Tower
41:14 Watch Tower
41:16 Watch Tower
41:23 Watch Tower
41:58 War Mill
42:21 Watch Tower
42:32 Watch Tower
42:33 Watch Tower
44:47 Watch Tower
44:50 Watch Tower
» items
| Healing Salve | 2 | |
| Lesser Clarity Potion | 4 | |
| Boots of Speed | 1 | |
| Staff of Teleportation | 2 | |
| Orb of Lightning | 1 | |
| Tiny Great Hall | 1 | |
| Mechanical Critter | 4 | |
| Scroll of Town Portal | 1 | |
16 total

»
DirtMcgirt (
green | 46 APM | 5503 actions | 119:57)
9 Blademaster
3 Wind Walk
2 Critical Strike
1 Bladestorm
3 Mirror Image
1 Goblin Tinker
1 Pocket Factory
» actions
| Assign group hotkey | 6 | |
| Build / train | 63 | |
| Enter build submenu | 41 | |
| Enter hero's abilities submenu | 10 | |
| Give item / drop item | 6 | |
| Remove unit from queue | 1 | |
| Right click | 4360 | |
| Select / deselect | 567 | |
| Select group hotkey | 47 | |
| Use ability | 400 | |
5503 total
» units
» upgrades
| Spiked Barricades | 1 | |
| Reinforced Defenses | 1 | |
2 total
» buildings
| Altar of Storms | 4 | |
| Orc Burrow | 8 | |
| War Mill | 1 | |
| Watch Tower | 16 | |
| Stronghold | 1 | |
| Voodoo Lounge | 2 | |
| Beastiary | 2 | |
| Fortress | 1 | |
35 total
» build order
00:06 Altar of Storms
00:14 Orc Burrow
00:21 War Mill
01:43 Watch Tower
02:22 Watch Tower
02:49 Watch Tower
03:00 Watch Tower
03:28 Watch Tower
03:58 Watch Tower
04:08 Stronghold
04:22 Watch Tower
04:36 Watch Tower
05:19 Voodoo Lounge
05:53 Watch Tower
05:54 Watch Tower
05:58 Watch Tower
06:20 Watch Tower
06:47 Beastiary
07:19 Beastiary
07:23 Orc Burrow
07:39 Watch Tower
08:26 Voodoo Lounge
08:32 Watch Tower
08:32 Watch Tower
09:12 Orc Burrow
10:01 Watch Tower
13:22 Orc Burrow
13:30 Fortress
33:31 Altar of Storms
33:36 Orc Burrow
38:04 Altar of Storms
39:27 Orc Burrow
74:17 Orc Burrow
75:08 Altar of Storms
76:16 Orc Burrow
» items
| Staff of Teleportation | 2 | |
| Boots of Speed | 1 | |
| Healing Salve | 2 | |
| Lesser Clarity Potion | 3 | |
| Scroll of Town Portal | 5 | |
| Orb of Lightning | 1 | |
14 total
dirtmcwORDUP (
pink | 33 APM | 3993 actions | 119:57)
5 Archmage
3 Blizzard
2 Brilliance Aura
1 Blood Mage
1 Flame Strike
» actions
| Assign group hotkey | 21 | |
| Basic commands | 75 | |
| Build / train | 87 | |
| Enter build submenu | 55 | |
| Enter hero's abilities submenu | 6 | |
| Give item / drop item | 5 | |
| Right click | 1773 | |
| Select / deselect | 464 | |
| Select group hotkey | 1204 | |
| Use ability | 303 | |
3993 total
» units
| Peasant | 16 | |
| Dragonhawk Rider | 17 | |
33 total
» upgrades
| Masonry | 3 | |
| Magic Sentry | 1 | |
| Lumber Harvesting | 2 | |
| Armor | 3 | |
| Swords | 3 | |
| Animal War Training | 1 | |
| Cloud | 1 | |
14 total
» buildings
| Altar of Kings | 1 | |
| Lumber Mill | 1 | |
| Farm | 17 | |
| Scout Tower | 34 | |
| Arcane Tower | 5 | |
| Guard Tower | 16 | |
| Keep | 1 | |
| Town Hall | 1 | |
| Gryphon Aviary | 3 | |
| Arcane Sanctum | 1 | |
| Arcane Vault | 1 | |
| Castle | 1 | |
| Barracks | 1 | |
| Blacksmith | 1 | |
84 total
» build order
00:09 Altar of Kings
00:20 Lumber Mill
00:56 Farm
01:38 Farm
01:52 Scout Tower
02:13 Scout Tower
02:22 Arcane Tower
02:24 Scout Tower
02:36 Scout Tower
02:41 Arcane Tower
02:54 Guard Tower
02:56 Scout Tower
03:07 Guard Tower
03:09 Scout Tower
03:25 Guard Tower
03:26 Scout Tower
03:41 Guard Tower
03:44 Scout Tower
03:55 Guard Tower
03:57 Scout Tower
04:26 Guard Tower
04:33 Scout Tower
04:54 Keep
05:15 Guard Tower
05:16 Scout Tower
05:17 Scout Tower
05:19 Guard Tower
05:20 Scout Tower
05:50 Guard Tower
06:13 Guard Tower
06:24 Town Hall
07:06 Scout Tower
07:07 Scout Tower
07:08 Scout Tower
07:17 Scout Tower
07:19 Scout Tower
07:20 Scout Tower
07:28 Gryphon Aviary
07:48 Gryphon Aviary
08:17 Arcane Sanctum
08:53 Arcane Vault
09:44 Guard Tower
09:47 Farm
09:47 Farm
11:11 Castle
11:13 Farm
11:28 Barracks
11:30 Blacksmith
15:19 Farm
15:20 Farm
15:21 Farm
15:24 Farm
15:26 Farm
15:27 Farm
15:28 Farm
15:29 Farm
16:38 Guard Tower
16:43 Scout Tower
16:45 Scout Tower
17:42 Guard Tower
21:31 Farm
36:25 Gryphon Aviary
37:25 Scout Tower
37:26 Scout Tower
37:26 Scout Tower
38:02 Scout Tower
38:07 Arcane Tower
38:11 Scout Tower
38:12 Scout Tower
38:12 Scout Tower
38:12 Scout Tower
38:19 Scout Tower
38:20 Scout Tower
38:33 Guard Tower
39:16 Farm
39:18 Farm
39:20 Arcane Tower
39:25 Scout Tower
39:27 Scout Tower
39:54 Guard Tower
40:20 Guard Tower
40:24 Farm
61:19 Scout Tower
62:52 Arcane Tower
» items
| Staff of Teleportation | 1 | |
| Boots of Speed | 1 | |
| Healing Salve | 1 | |
| Orb of Lightning | 1 | |
| Mechanical Critter | 2 | |
| Scroll of Town Portal | 3 | |
9 total
team 2 (loser)
omfgson (
red | 18 APM | 2149 actions | 119:57)
5 Death Knight
3 Death Coil
2 Unholy Aura
» actions
| Assign group hotkey | 29 | |
| Basic commands | 3 | |
| Build / train | 66 | |
| ESC pressed | 11 | |
| Enter build submenu | 33 | |
| Enter hero's abilities submenu | 5 | |
| Give item / drop item | 1 | |
| Remove unit from queue | 2 | |
| Right click | 816 | |
| Select / deselect | 374 | |
| Select group hotkey | 754 | |
| Use ability | 55 | |
2149 total
» units
| Acolyte | 10 | |
| Ghoul | 5 | |
| Crypt Fiend | 10 | |
| Frost Wyrm | 10 | |
35 total
» upgrades
| Creature Attack | 3 | |
| Creature Carapace | 3 | |
| Web | 1 | |
| Freezing Breath | 1 | |
8 total
» buildings
| Graveyard | 1 | |
| Crypt | 1 | |
| Ziggurat | 21 | |
| Altar of Darkness | 1 | |
| Nerubian Tower | 3 | |
| Halls of the Dead | 1 | |
| Black Citadel | 1 | |
| Sacrificial Pit | 1 | |
| Boneyard | 2 | |
| Spirit Tower | 10 | |
42 total
» build order
00:04 Graveyard
00:12 Crypt
00:30 Ziggurat
01:02 Altar of Darkness
02:15 Ziggurat
02:36 Nerubian Tower
03:29 Ziggurat
05:00 Halls of the Dead
06:05 Ziggurat
07:52 Black Citadel
08:28 Ziggurat
08:57 Black Citadel
09:35 Sacrificial Pit
10:19 Ziggurat
10:20 Ziggurat
10:26 Ziggurat
11:19 Boneyard
12:12 Boneyard
12:24 Spirit Tower
12:26 Spirit Tower
12:28 Spirit Tower
13:13 Ziggurat
14:09 Spirit Tower
20:19 Spirit Tower
20:27 Ziggurat
20:30 Ziggurat
20:32 Ziggurat
20:53 Ziggurat
20:57 Ziggurat
21:00 Ziggurat
21:04 Ziggurat
21:37 Ziggurat
21:43 Ziggurat
21:47 Ziggurat
21:51 Ziggurat
22:21 Ziggurat
22:26 Spirit Tower
23:08 Nerubian Tower
23:43 Spirit Tower
26:10 Spirit Tower
26:55 Spirit Tower
26:57 Nerubian Tower
43:40 Spirit Tower
TheSmellyBagel1 (
teal | 55 APM | 6630 actions | 119:57)
5 Death Knight
3 Death Coil
2 Unholy Aura
4 Dreadlord
2 Sleep
2 Vampiric Aura
» actions
| Assign group hotkey | 57 | |
| Basic commands | 200 | |
| Build / train | 67 | |
| ESC pressed | 13 | |
| Enter build submenu | 16 | |
| Enter hero's abilities submenu | 11 | |
| Give item / drop item | 10 | |
| Remove unit from queue | 1 | |
| Right click | 3089 | |
| Select / deselect | 973 | |
| Select group hotkey | 1958 | |
| Use ability | 235 | |
6630 total
» units
| Acolyte | 7 | |
| Ghoul | 3 | |
| Crypt Fiend | 12 | |
| Obsidian Statue | 9 | |
| Gargoyle | 1 | |
32 total
» upgrades
| Creature Attack | 2 | |
| Web | 1 | |
| Destroyer Form | 1 | |
| Burrow | 1 | |
5 total
» buildings
| Graveyard | 1 | |
| Crypt | 1 | |
| Ziggurat | 9 | |
| Altar of Darkness | 1 | |
| Tomb of Relics | 1 | |
| Nerubian Tower | 1 | |
| Halls of the Dead | 1 | |
| Spirit Tower | 2 | |
| Black Citadel | 1 | |
| Slaughterhouse | 2 | |
| Sacrificial Pit | 1 | |
21 total
» build order
00:29 Graveyard
00:32 Crypt
01:03 Ziggurat
01:20 Altar of Darkness
02:33 Ziggurat
02:58 Tomb of Relics
03:18 Nerubian Tower
04:00 Halls of the Dead
04:42 Ziggurat
05:49 Spirit Tower
08:22 Black Citadel
08:35 Slaughterhouse
09:39 Slaughterhouse
11:09 Ziggurat
11:57 Ziggurat
13:30 Ziggurat
14:12 Sacrificial Pit
15:49 Ziggurat
19:56 Ziggurat
21:54 Ziggurat
29:26 Spirit Tower
» items
| Rod of Necromancy | 1 | |
| Dust of Appearance | 5 | |
| Potion of Mana | 1 | |
| Potion of Lesser Invulnerability | 1 | |
| Potion of Healing | 1 | |
| Scroll of Town Portal | 1 | |
| Scroll of Healing | 1 | |
| Boots of Speed | 1 | |
12 total
TheSmellyBagel2 (
purple | 32 APM | 3854 actions | 119:57)
4 Archmage
2 Summon Water Elemental
2 Brilliance Aura
4 Mountain King
2 Storm Bolt
2 Bash
» actions
| Assign group hotkey | 160 | |
| Basic commands | 39 | |
| Build / train | 109 | |
| Enter build submenu | 40 | |
| Enter hero's abilities submenu | 8 | |
| Give item / drop item | 2 | |
| Right click | 2009 | |
| Select / deselect | 567 | |
| Select group hotkey | 692 | |
| Use ability | 228 | |
3854 total
» units
| Peasant | 26 | |
| Footman | 11 | |
| Dragonhawk Rider | 35 | |
| Gryphon Rider | 2 | |
74 total
» upgrades
| Defend | 1 | |
| Lumber Harvesting | 2 | |
| Cloud | 1 | |
| Storm Hammers | 1 | |
| Masonry | 2 | |
| Swords | 2 | |
| Armor | 3 | |
12 total
» buildings
| Altar of Kings | 1 | |
| Farm | 14 | |
| Barracks | 1 | |
| Arcane Vault | 1 | |
| Scout Tower | 9 | |
| Arcane Tower | 4 | |
| Lumber Mill | 1 | |
| Keep | 1 | |
| Town Hall | 2 | |
| Castle | 1 | |
| Gryphon Aviary | 2 | |
| Blacksmith | 1 | |
| Guard Tower | 6 | |
44 total
» build order
00:05 Altar of Kings
00:07 Farm
00:17 Farm
00:35 Barracks
00:56 Farm
02:30 Arcane Vault
03:26 Farm
03:54 Scout Tower
04:24 Farm
04:26 Arcane Tower
04:42 Lumber Mill
05:06 Farm
05:19 Keep
06:26 Farm
07:14 Farm
08:20 Town Hall
08:24 Castle
08:28 Gryphon Aviary
09:04 Gryphon Aviary
11:32 Farm
12:03 Town Hall
12:21 Farm
13:11 Blacksmith
14:31 Farm
16:02 Scout Tower
16:35 Scout Tower
16:37 Guard Tower
17:55 Guard Tower
19:17 Scout Tower
19:52 Guard Tower
20:34 Farm
20:36 Farm
20:39 Farm
22:28 Scout Tower
22:49 Scout Tower
22:55 Scout Tower
23:25 Arcane Tower
23:29 Arcane Tower
23:32 Scout Tower
23:42 Scout Tower
23:45 Arcane Tower
23:47 Guard Tower
25:10 Guard Tower
25:21 Guard Tower
» items
Chat log
(00:15 / All) TheSmellyBagel1: do you have stairs in your house?
(00:17 / All) BEAR_AND: wat
(00:23 / All) dirtmcwORDUP: who doesnt?
(00:28 / All) dirtmcwORDUP: unless u live in a ranch style house
(00:28 / All) BEAR_AND: apartment livers i guess
(00:36 / All) DirtMcgirt: i have 2 sets
(00:38 / All) TheSmellyBagel1: SA.com?
(00:38 / All) DirtMcgirt: of stairs
(00:40 / All) dirtmcwORDUP: well, apartment buildings have stairs
(00:44 / All) DirtMcgirt: ?
(00:46 / All) BEAR_AND: is that ur website
(00:49 / All) DirtMcgirt: sa.com
(00:50 / All) dirtmcwORDUP: like fire escapes mayube
(00:52 / All) DirtMcgirt: clan sa?
(00:54 / All) BEAR_AND: hunh?
(00:59 / All) TheSmellyBagel1: clan towa
(01:03 / All) dirtmcwORDUP: clan xaix sorry
(01:07 / All) BEAR_AND: already got a clan
(01:07 / All) TheSmellyBagel1: no
(01:07 / All) dirtmcwORDUP: maybe u wanna kjoin.
(01:13 / All) TheSmellyBagel1: no
(01:42 / All) dirtmcwORDUP: could u do me a favor.
(01:47 / All) TheSmellyBagel1: what
(01:56 / All) dirtmcwORDUP: could u leave.
(01:59 / All) TheSmellyBagel1: lol
(02:02 / All) dirtmcwORDUP: ?
(02:17 / All) dirtmcwORDUP: we are best @ this game...
(02:22 / All) TheSmellyBagel1: are you going to perch us
(02:29 / All) BEAR_AND: wht the F*CK u mean
(02:30 / All) dirtmcwORDUP: i dont knwo what that means
(02:38 / All) TheSmellyBagel1: uhhhhh
(02:40 / All) DirtMcgirt: this map is called highperch lol
(02:43 / All) BEAR_AND: o
(02:43 / All) DirtMcgirt: were gonna win
(02:47 / All) BEAR_AND: yes???
(02:52 / All) dirtmcwORDUP: like when birds perch?
(02:58 / All) dirtmcwORDUP: caw caw
(15:53 / All) dirtmcwORDUP: where u fellas from.
(16:03 / All) TheSmellyBagel1: ny
(16:15 / All) omfgson: buffalo
(16:18 / All) dirtmcwORDUP: o
(16:24 / All) BEAR_AND: we know som guy from buff
(16:32 / All) dirtmcwORDUP: do you know joe
(22:24 / All) TheSmellyBagel1: BEFORE I SLAP YOU
(37:14 / All) dirtmcwORDUP: gg u win..
(39:05 / All) BEAR_AND: do u know how good i am at this game
(39:10 / All) TheSmellyBagel2: gg
(39:12 / All) dirtmcwORDUP: are you serious
(39:15 / All) DirtMcgirt: gg
(39:22 / All) dirtmcwORDUP: get out please
(41:25 / All) dirtmcwORDUP: why u still here.¿
(41:42 / All) BEAR_AND: cya
(42:33 / All) dirtmcwORDUP: afk bye.
(42:51 / All) dirtmcwORDUP: you think you go up vs the creators of highperch adn you can win?!!?!?!
(43:00 / All) TheSmellyBagel2: ]
(43:03 / All) BEAR_AND: ]
(43:49 / All) dirtmcwORDUP: enjoy killing 4000 hp 8 armor castle
(44:03 / All) DirtMcgirt: and it gives no exp that gay as fuck
(44:09 / All) DirtMcgirt: its like a big boss
(44:15 / All) DirtMcgirt: all u get is the end credits when u beat it
(44:19 / All) dirtmcwORDUP: can you guys leave please
(44:23 / All) BEAR_AND: do read warcraft3 thread
(44:29 / All) TheSmellyBagel1: I do
(44:31 / All) BEAR_AND: well
(44:33 / All) TheSmellyBagel1: these other nubs dont
(44:34 / All) BEAR_AND: you know how this will end
(44:36 / All) dirtmcwORDUP: so you know what is coming
(44:37 / All) dirtmcwORDUP: leave
(44:55 / All) TheSmellyBagel1: lets see whos ISP is better
(44:57 / All) TheSmellyBagel1: I like that more
(45:06 / All) dirtmcwORDUP: we'll just kill you in 2 hours
(45:13 / All) TheSmellyBagel2: i have homework to do so i don't give a fuck
(45:15 / All) BEAR_AND: hahahhahaha well since i made the #w3 2 and half days ago i ahven't dropped
(45:22 / All) TheSmellyBagel2: and there are plenty of beers to drink around me
(45:29 / All) dirtmcwORDUP: damn
(45:36 / All) dirtmcwORDUP: nobody has ever told us they were staying before
(45:36 / All) BEAR_AND: drinking alone, playing w3
(45:38 / All) dirtmcwORDUP: ever
(45:44 / All) TheSmellyBagel2: ummm not drinking yet
(45:46 / All) TheSmellyBagel1: well I could join in
(45:47 / All) BEAR_AND: better start
(45:48 / All) dirtmcwORDUP: well, guess you guys win
(45:50 / All) dirtmcwORDUP: enjoy it
(45:56 / All) TheSmellyBagel2: but if we're going to just sit around i might as well start playing pong
(46:03 / All) dirtmcwORDUP: ok
(47:15 / All) dirtmcwORDUP: it begins.......
(48:12 / All) TheSmellyBagel2: brb
(48:14 / All) BEAR_AND: bye
(48:21 / All) BEAR_AND: begone, kiss my feet and leaVE
(48:31 / All) DirtMcgirt: bye roger bye
(48:53 / All) dirtmcwORDUP: i NOW GRANT u permission. adios!
(49:08 / All) dirtmcwORDUP: Hey guys, you wouldn't believe what happened tonight.
(49:41 / All) dirtmcwORDUP: We were searching 3v3 Arranged Teams and we ran into BEAR_AND and timg4strok! We let them perch us because of goonerocity, and
(49:47 / All) dirtmcwORDUP: all parties involved had fun!
(50:07 / All) BEAR_AND: zoom
(50:08 / All) dirtmcwORDUP: please leave
(50:14 / All) dirtmcwORDUP: you know you are worse than me
(50:21 / All) TheSmellyBagel2: and you should know that i don't care
(51:00 / All) TheSmellyBagel2: goodnight
(51:07 / All) DirtMcgirt: goodnight
(51:11 / All) DirtMcgirt: enjoy playing pong
(51:14 / All) TheSmellyBagel2: see you guys tomorrow?
(51:17 / All) DirtMcgirt: =]
(51:20 / All) TheSmellyBagel2: meh i might pass i actually should do some work
(51:25 / All) DirtMcgirt: u have class tommorw
(51:26 / All) dirtmcwORDUP: nope
(51:30 / All) TheSmellyBagel2: plus i've drank every night for the past 10 days
(51:35 / All) TheSmellyBagel2: yeah
(51:36 / All) DirtMcgirt: i have class tommorow
(51:37 / All) BEAR_AND: 'meh" he says
(51:40 / All) dirtmcwORDUP: all you will see tomorrow is a little window on a grayed out screen that says you have failed to achieve victory
(51:42 / All) dirtmcwORDUP: sorry goon
(51:49 / All) DirtMcgirt: goondolences
(51:49 / All) BEAR_AND: "meh,,,,,,,,,,,,,,,,,, this anime was not up to my high standard"
(52:20 / All) TheSmellyBagel2: or meh your mom's pussy was a dried up burlap sack
(52:26 / All) dirtmcwORDUP: damn
(52:29 / All) BEAR_AND: ???????? attempted humour¿
(52:31 / All) dirtmcwORDUP: that was a good one bro
(52:38 / All) dirtmcwORDUP: keep them coming i am laughing
(52:39 / All) TheSmellyBagel2: your sarcasm is appreciated
(52:54 / All) dirtmcwORDUP: squelched
(54:02 / All) dirtmcwORDUP: this is how this game will be for the next 2 hours
(54:06 / All) dirtmcwORDUP: then you will leave
(54:06 / All) TheSmellyBagel1: coool
(54:10 / All) TheSmellyBagel2: ummm nope
(54:15 / All) dirtmcwORDUP: please quit, save us all some time
(54:19 / All) BEAR_AND: do you know how many times i have done this
(54:22 / All) dirtmcwORDUP: we do this for a living
(54:23 / All) BEAR_AND: 50+
(54:27 / All) BEAR_AND: do you know how many times i have lost
(54:28 / All) BEAR_AND: 0
(54:30 / All) TheSmellyBagel2: that's not saying much about your social life
(54:40 / All) BEAR_AND: over an entire year lmao
(54:46 / All) dirtmcwORDUP: a goon
(54:50 / All) TheSmellyBagel2: do you know how many times i've quit while playing you guys? 0 and i'm not quitting
(54:50 / All) dirtmcwORDUP: talking about social life
(55:07 / All) TheSmellyBagel2: i feel like you pay for pussy so shut the fuck up?
(59:10 / All) DirtMcgirt: phew
(59:58 / Allies) dirtmcwORDUP: get yo popcrn rdy
(60:04 / All) DirtMcgirt: HOTDOG
(63:00 / All) dirtmcwORDUP: can you leave please.
(63:09 / All) TheSmellyBagel2: we've been over this we aren't leaving
(65:55 / All) BEAR_AND: ty
(66:01 / All) TheSmellyBagel2: you're welcome
(66:16 / All) dirtmcwORDUP: this is what you have to look forward to for the next 3 hours
(66:17 / All) BEAR_AND: damn,,,,,,,,,,, you s*ck @ this game lol
(66:17 / All) dirtmcwORDUP: enjoy.
(66:25 / All) TheSmellyBagel1: we know
(66:38 / All) dirtmcwORDUP: do you post in my thread
(66:44 / All) TheSmellyBagel1: no
(66:46 / All) TheSmellyBagel2: well it's better than the awful image of having to fuck your mom again since she's basically equivalent to a dried prune
(66:52 / All) BEAR_AND: ???????? how old are you
(66:58 / All) TheSmellyBagel2: 20
(67:01 / All) dirtmcwORDUP: its ok you wont have the pleasure of having sex with any women
(67:02 / All) BEAR_AND: grow up LOL
(67:06 / All) TheSmellyBagel2: ummm pass
(67:19 / All) TheSmellyBagel2: why would you ask that question we've all said we were in college
(67:22 / All) TheSmellyBagel1: ok "LOL"?
(68:37 / All) TheSmellyBagel2: i'm going to go get a garbage plate anyone need anything?
(68:50 / All) dirtmcwORDUP: i need a win
(68:53 / All) dirtmcwORDUP: can you leave please.
(68:58 / All) dirtmcwORDUP: my % so low.....
(69:04 / All) TheSmellyBagel2: you need to clean the sand out of your vag
(69:05 / All) BEAR_AND: badly,,,,,,,,, i get my 350 icon if iwin..........
(69:09 / All) TheSmellyBagel2: we aren't leaving quit asking
(69:11 / All) BEAR_AND: oh my god STOP saying shit from like 1998
(69:24 / All) TheSmellyBagel1: stop begging like your mom
(69:29 / All) dirtmcwORDUP: damn
(69:35 / All) dirtmcwORDUP: owned by teh neckbeard.........
(69:39 / All) BEAR_AND: lmao
(69:47 / All) TheSmellyBagel2: i wish i could act superior to everyone because i waste my life playing a game
(69:48 / All) TheSmellyBagel1: im sorry in english now please
(76:29 / All) DirtMcgirt: SNAG AND BAG
(76:31 / All) BEAR_AND: hahahhahahhahahah
(76:35 / All) BEAR_AND: perfect play
(76:56 / All) DirtMcgirt: this is like that insurance thing
(76:59 / All) DirtMcgirt: now what
(77:07 / All) TheSmellyBagel2: i sit here for another 3 hours
(77:17 / All) TheSmellyBagel2: and i ask your mom for some delicious blumpkin
(77:38 / All) dirtmcwORDUP: peace
(78:19 / All) TheSmellyBagel2: stop running like a nig when he sees the cops
(78:28 / All) BEAR_AND: huahuahuahuahuahua
(78:29 / All) dirtmcwORDUP: like a nig
(78:33 / All) dirtmcwORDUP: when the nig sees the cops.
(78:39 / All) BEAR_AND: *poog*
(80:42 / All) dirtmcwORDUP: adios SUCKERLOL
(80:47 / All) DirtMcgirt: is that da last
(85:46 / All) BEAR_AND: *poog*
(87:03 / All) dirtmcwORDUP: how u guys enjoyin da game.
(87:04 / All) DirtMcgirt: technically we could win right now
(87:08 / All) DirtMcgirt: tko
(89:06 / All) DirtMcgirt: u kno u can unssumon
(91:35 / All) DirtMcgirt: close one
(92:40 / All) dirtmcwORDUP: can u leave.
(93:37 / All) dirtmcwORDUP: hello.
(94:40 / All) DirtMcgirt: Lol u can sell ur items too
(102:27 / All) BEAR_AND: you guys angry.....?
(107:03 / All) dirtmcwORDUP: OUCHIES
(107:44 / All) BEAR_AND: want some gold?????
(111:32 / All) BEAR_AND: huahuahua
(115:27 / All) DirtMcgirt: g
(115:28 / All) DirtMcgirt: g
(115:29 / All) BEAR_AND: missed that coil
(115:37 / All) TheSmellyBagel1: nope
(115:40 / All) BEAR_AND: yope
(115:51 / All) TheSmellyBagel1: no I actually thought after the thought
(116:03 / All) dirtmcwORDUP: q: did you think you would win
(116:06 / All) BEAR_AND: "Hmmmm maybe it would be better if i didn't keep my hero alive"
(116:11 / All) BEAR_AND: is that what you thought?
(116:15 / All) TheSmellyBagel1: wasnt looking
(116:20 / All) BEAR_AND: lmao
(116:22 / All) TheSmellyBagel1: trying to read but you keep interrupting me
(116:26 / All) BEAR_AND: leave;
(116:37 / All) TheSmellyBagel1: to bad you suck at solo though
(116:40 / All) dirtmcwORDUP: 1v1?
(116:44 / All) TheSmellyBagel1: sure
(116:47 / All) BEAR_AND: "to bad"
(116:49 / All) BEAR_AND: hahahahhahaha
(116:52 / All) BEAR_AND: Hahahahhahahahahhahahahahah
(116:54 / All) BEAR_AND: oh my god
(117:03 / All) BEAR_AND: let me ask you something
(117:05 / All) TheSmellyBagel1: are you loling your chair ?
(117:13 / All) BEAR_AND: you knew what we were going to be doing from the beginning of this game
(117:24 / All) BEAR_AND: you knew we would perch and try to make it long and troll you and make you mad
(117:28 / All) TheSmellyBagel1: I allready told you we suck
(117:29 / All) BEAR_AND: HOW did you let us do it?!?!?
(118:00 / All) BEAR_AND: bye noops
(118:08 / All) dirtmcwORDUP: bye!!!!!!!
(118:11 / All) TheSmellyBagel1: you owe me a 1c1
(118:13 / All) BEAR_AND: fare well!!!!!
(118:14 / All) TheSmellyBagel1: 1v1
(118:17 / All) dirtmcwORDUP: channel lljk
(118:21 / All) TheSmellyBagel1: obviously
(118:44 / All) TheSmellyBagel1: why did you change your name
(118:50 / All) TheSmellyBagel1: playing people who actually know how to play?
(119:02 / All) BEAR_AND: hahahahha
(119:05 / All) BEAR_AND: angry nerds
(119:14 / All) dirtmcwORDUP: do you think i am embarassed
(119:15 / All) TheSmellyBagel1: awesome so you bought this game several times?
(119:23 / All) dirtmcwORDUP: actually about 4 times
(119:28 / All) TheSmellyBagel1: thats pretty sad
(119:29 / All) dirtmcwORDUP: i lost my cds a few times
(119:40 / All) dirtmcwORDUP: yeah 19.95 for both cds at target
(119:45 / All) dirtmcwORDUP: sorry i have a job : - )
(119:50 / All) BEAR_AND: you know what is sad
(119:55 / All) dirtmcwORDUP: U
(119:55 / All) BEAR_AND: spending 2 hour LOSING!!!!!!!!!!!!
(119:55 / All) DirtMcgirt: G
(119:56 / All) dirtmcwORDUP: hahaha bye